 Dungeon Crawl Stone Soup version 0.24-a0-342-gad4687c37d (webtiles) character file.

Game seed: 13615294743726919285

114 galech the Skirmisher (level 4, 0/52 HPs)
             Began as a Demonspawn Fighter on May 21, 2019.
             Succumbed to a gnoll's poison
             ... on level 3 of the Dungeon.
             The game lasted 00:02:06 (1823 turns).

galech the Skirmisher (Demonspawn Fighter)          Turns: 1823, Time: 00:02:07

Health: 0/52       AC: 22    Str: 18    XL:     4   Next: 67%
Magic:  4/4        EV:  2    Int: 15    God:
Gold:   19         SH:  9    Dex: 13    Spells: 3/3 levels left

rFire    . . .     SeeInvis .   a - +0 war axe
rCold    . . .     Gourm    .   c - +0 shield
rNeg     + + +     Faith    .   (armour currently unavailable)
rPois    +         Spirit   .   (helmet currently unavailable)
rElec    .         Reflect  .   (cloak currently unavailable)
rCorr    .         Harm     .   (gloves currently unavailable)
MR       .....     NoTele   +   (boots currently unavailable)
Stlth    +.........             (no amulet)
HPRegen  0.17/turn              h - +2 ring of evasion
MPRegen  0.09/turn              (no ring)

@: brilliant, lethally poisoned (0 -> -11), tree-form, hasted, lightly drained,
very quick
A: powered by pain 1, strong 1
a: no special abilities


You were on level 3 of the Dungeon.
You were not hungry.
You were a tree.
You visited 1 branch of the dungeon, and saw 3 of its levels.

You collected 19 gold pieces.

Inventory:

Hand Weapons
 a - a +0 war axe (weapon)
Armour
 b - a +0 scale mail (melded)
 c - a +0 shield (worn)
Jewellery
 h - a +2 ring of evasion (left branch)
Scrolls
 e - a scroll of blinking {unknown}
 i - 3 scrolls of teleportation {unknown}
 l - 4 scrolls of identify {unknown}
 m - 2 scrolls of remove curse
 o - a scroll of random uselessness {unknown}
Potions
 d - a potion of might
 n - 4 potions of lignification
 p - a potion of degeneration {unknown}
Comestibles
 f - 5 rations
 g - 7 chunks of flesh


   Skills:
 + Level 3.3(3.0) Fighting
 + Level 3.2(2.9) Axes
 + Level 3.2(2.9) Armour
 + Level 0.4(0.1) Dodging
 + Level 3.3(3.0) Shields


You had 3 spell levels left.
You didn't know any spells.
Your spell library was empty.

Dungeon Overview and Level Annotations

Branches:
Dungeon (3/15)

Altars:
Qazlal
Vehumet
Xom


Innate Abilities, Weirdness & Mutations

((You are partially covered in large bone plates. (SH +4)))
You sometimes gain a little power by taking damage.
((Your flesh is cold resistant. (rC+)))
Your muscles are strong. (Str +2)


Message History

You hit the gnoll.
The gnoll is heavily wounded.
* * * LOW HITPOINT WARNING * * *
You feel sick. The gnoll hits you but does no damage.
You barely miss the gnoll.
The gnoll is heavily wounded.
* * * LOW HITPOINT WARNING * * *
You feel sick. You block the gnoll's attack.
The gnoll hits you with a +0 club of chaos.
* * * LOW HITPOINT WARNING * * *
It was a potion of mutation.
You feel extremely strange.
You feel resistant to cold.
You feel stronger.
* * * LOW HITPOINT WARNING * * *
You feel sick. The gnoll hits you but does no damage.
It was a potion of haste.
You feel yourself speed up.
* * * LOW HITPOINT WARNING * * *
You feel sick. The gnoll hits you but does no damage.
It was a potion of brilliance.
You feel clever all of a sudden.
You die...

## ## #.## ##≈≈##♣###
#.≈⌠≈#)g.##
#..#..).##^# #
≈##≈#≈#.≈# .≈≈..r≈#.##
#### #..##.##..≈#
.....
#.#...#§.o≈######.##..
# ⌠##.#§≈....#........
≈...≈..#≈.#.=........


You could see a gnoll and a rat.

Vanquished Creatures
  4 gnolls
  An adder (D:3)
  4 dart slugs
  3 leopard geckos
  2 orcs (D:3)
  3 giant cockroaches (D:1)
  7 goblins
  9 hobgoblins
  A ball python (D:2)
  3 bats (D:1)
  A frilled lizard (D:2)
  7 kobolds
  10 rats
55 creatures vanquished.

Notes
Turn   | Place    | Note
-------+----------+-------------------------------------------
     0 | D:1      | galech the Demonspawn Fighter began the quest for the Orb.
     0 | D:1      | Reached XP level 1. HP: 18/18 MP: 1/1
   175 | D:1      | Gained mutation: You sometimes gain a little power by
                  | taking damage. [demonic ancestry]
   175 | D:1      | Reached XP level 2. HP: 24/24 MP: 2/2
   407 | D:1      | Reached XP level 3. HP: 23/29 MP: 3/3
  1381 | D:2      | Gained mutation: You are partially covered in large bone
                  | plates. (SH +4) [demonic ancestry]
  1381 | D:2      | Reached XP level 4. HP: 35/35 MP: 4/4
  1530 | D:2      | Found a radiant altar of Vehumet.
  1530 | D:2      | Found a stormy altar of Qazlal.
  1798 | D:3      | Found a shimmering altar of Xom.
  1799 | D:3      | Paralysed by an orc for 3 turns
  1820 | D:3      | HP: 2/52 [gnoll/+0 club of chaos (1)]
  1821 | D:3      | Gained mutation: Your flesh is cold resistant. (rC+)
                  | [potion of mutation]
  1821 | D:3      | Gained mutation: Your muscles are strong. (Str +2) [potion
                  | of mutation]
  1823 | D:3      | Succumbed to a gnoll's poison

Levels and vault maps discovered:
D:1:      dpeg_arrival_morbid_curiosity, layout_loops_corners
D:2:      layout_loops_ring, amethyst_overflow_temple_binary,
          hangedman_decor_push
D:3:      layout_basic, tgw_xom, old_standard_altar, first_ration,
          glass_columns_a, minmay_misc_feat_plants

Skill      XL: |  1  2  3  4 |
---------------+-------------+-----
Axes           | 2 3 |  3.2
Shields        | 3 |  3.3
Armour         | 3 |  3.2
Fighting       | |  3.3
Dodging        | |  0.4

Action                   |  1- 3 |  4- 6 || total
-------------------------+-------+-------++-------
Melee: War axe           |   111 |    41 ||   152
  Use: Scroll            |     1 |       ||     1
       Potion            |       |     4 ||     4
  Eat: Chunk             |     2 |     1 ||     3
Armor: Scale mail        |    31 |    14 ||    45
       Skin              |       |     4 ||     4
Dodge: Dodged            |    35 |     6 ||    41
Block: Shield            |    63 |    35 ||    98

Table legend:
 A = Non-vault XP
 B = Vault XP
 C = Vault XP percentage of total XP
 D = Non-vault monster count
 E = Vault monster count
 F = Vault count percentage of total count
                 A         B        C        D         E       F
            +---------+---------+-------+---------+---------+-------
      Total |     120 |      44 |  26.8 |      46 |       9 |  16.4
            +---------+---------+-------+---------+---------+-------
        D:1 |      67 |       9 |  11.8 |      24 |       5 |  17.2
        D:2 |      28 |       0 |   0.0 |      16 |       0 |   0.0
        D:3 |      25 |      35 |  58.3 |       6 |       4 |  40.0
            +---------+---------+-------+---------+---------+-------
